 Dungeon Crawl Stone Soup version 0.31-a0-1163-gcee99d1eea (webtiles) character file.

Game seed: 2240858999243229680

6055 James the Grappler (level 10, -6/72 HPs)
             Began as an Octopode Shapeshifter on Dec 9, 2023.
             Was an Initiate of Gozag.
             Mangled by a warg (7 damage)
             ... on level 11 of the Dungeon.
             The game lasted 00:29:13 (12279 turns).

James the Grappler (Octopode Shapeshifter)         Turns: 12279, Time: 00:29:13

Health: -6/72      AC:  1    Str: 18    XL:     10   Next: 87%
Magic:  10/10      EV: 25    Int: 12    God:    Gozag
Gold:   1472       SH:  0    Dex: 12    Spells: 9/9 levels left

rFire   . .          .
                       - Unarmed
rCold   . . .        (shield currently unavailable)
rNeg    . . .        (helmet restricted)
rPois   .            (no amulet)
rElec   .            z - +5 ring of evasion
rCorr   .            (no ring)
SInv    .            (no ring)
Will    .....        (no ring)
Stlth   +            (no ring)
HPRegen 0.32/turn    (no ring)
MPRegen 0.12/turn    (no ring)
                     (no ring)

%: no passive effects
@: flux-form, gold aura, glowing
A: glow, contaminating, almost no armour, amphibious, 8 rings, camouflage 1,
gelatinous body 1, (nimble swimmer 1), tentacles
a: Begin Untransformation, Renounce Religion, Potion Petition, Call Merchant,
Bribe Branch


You were on level 11 of the Dungeon.
You worshipped Gozag.
Gozag was most pleased with you.
You were something dangerously unstable.
You visited 2 branches of the dungeon, and saw 12 of its levels.

You collected 1553 gold pieces.
You paid 81 gold pieces to Gozag.

Inventory:

Missiles
 n - 11 boomerangs
 o - 53 poisoned darts
 s - 6 javelins
 y - 4 curare-tipped darts (quivered) {!f}
 D - 108 stones
Magical Staves
 k - a staff of fire
   (You found it on level 2 of the Dungeon)
Jewellery
 z - a +5 ring of evasion (left tentacle)
   (You found it on level 7 of the Dungeon)
Talismans
 b - a beast talisman
 c - a flux talisman (active)
 t - a dragon-blood talisman
   (You found it on level 3 of the Dungeon)
Wands
 d - a wand of iceblast (3)
   (You found it on level 11 of the Dungeon)
 l - a wand of polymorph (28)
   (You found it on level 5 of the Dungeon)
 x - a wand of acid (4)
   (You found it on level 6 of the Dungeon)
Scrolls
 e - 3 scrolls of noise {!r}
 i - 2 scrolls of vulnerability {!r}
 j - 3 scrolls of teleportation {@r4}
 m - a scroll of identify {@r1}
 q - 2 scrolls of blinking
 w - a scroll of enchant weapon
 A - a scroll of enchant armour
 B - 2 scrolls of brand weapon
Potions
 a - 2 potions of lignification {!q}
 f - 3 potions of haste {@q3}
 g - 3 potions of heal wounds {@q2}
 h - a potion of brilliance
 p - a potion of mutation {!q}
 r - a potion of magic
 u - a potion of cancellation
 v - 3 potions of curing {@q1}
 C - a potion of invisibility


   Skills:
 - Level 8.0 Fighting
 - Level 8.0 Dodging
 - Level 10.0 Unarmed Combat
 + Level 7.0 Shapeshifting


You had 9 spell levels left.
You didn't know any spells.
Your spell library contained the following spells:

 Spells                   Type           Power      Damage    Failure   Level
 Foxfire                  Conj/Fire      0%         2x1d4     32%         1
 Shock                    Conj/Air       0%         1d3       32%         1
 Ensorcelled Hibernation  Hex/Ice        0%         N/A       45%         2
 Jinxbite                 Hex            0%         N/A       45%         2
 Scorch                   Fire           0%         2d5       45%         2
 Searing Ray              Conj           0%         2d4       45%         2
 Call Canine Familiar     Summ           0%         N/A       69%         3
 Sigil of Binding         Hex            0%         N/A       69%         3
 Tukima's Dance           Hex            0%         N/A       69%         3
 Anguish                  Hex/Necr       0%         N/A       97%         4
 Dimensional Bullseye     Hex/Tloc       0%         N/A       97%         4
 Leda's Liquefaction      Hex/Erth       0%         N/A       97%         4
 Passage of Golubria      Tloc           0%         N/A       97%         4
 Arcjolt                  Conj/Air       0%         1d10      100%        5
 Yara's Violent Unravell  Hex/Tmut       0%         3d3       100%        5
 Plasma Beam              Fire/Air       0%         2x1d10    100%        6
 Starburst                Conj/Fire      0%         6d3       100%        6
 Fire Storm               Conj/Fire      0%         5d1       100%        9


Dungeon Overview and Level Annotations

Branches:
Dungeon (11/15)            Temple (1/1) D:4            Lair (0/5) D:11
    Orc (0/2) D:9

Altars:
Ashenzari
Cheibriados
Dithmenos
Elyvilon
Fedhas
Gozag
Hepliaklqana
Kikubaaqudgha
Makhleb
Nemelex Xobeh
Okawaru
Qazlal
Ru
Sif Muna
Trog
Uskayaw
Vehumet
Wu Jian
Xom
Yredelemnul
Zin
The Shining One

Shops:
D:8 *

Annotations:
D:5 3 runed translucent doors, Ijyb; rumpelstilzz's ghost, novice OpVM
D:10 exclusion: two-headed ogre
D:11 jotaen's ghost, novice MiFi


Innate Abilities, Weirdness & Mutations

You are something dangerously unstable.
You glow with magical radiation, making you easy to see and hit.
Foes you strike become dangerously contaminated with magical radiation.
You are incapable of wielding weapons or throwing items.
You cannot wear most types of armour.
You are amphibious.
You can wear up to eight rings at the same time.
Your skin changes colour to match your surroundings (Stealth+).
Your rubbery body absorbs attacks. (AC +1, EV +1)
((You are camouflaged when in or above water. (Stealth+)))
You have tentacles for arms and can constrict up to eight enemies at once.


Message History

You tentacle-slap the warg but do no damage.
The warg begins to glow.
You squeeze the warg, but do no damage. The warg bites you!
You closely miss the warg. The warg bites you.
You tentacle-slap the warg.
The warg glows dangerously bright.
The warg completely misses you.
You barely miss the warg. You squeeze the warg. The warg bites you.
The orc wizard casts a spell.
The orc wizard flickers and vanishes!
Deactivating autopickup; reactivate with Ctrl-A.
The orc misses you. The orc wizard closely misses you.
You tentacle-slap the warg.
The warg shudders as magic cascades through it!!
You kill the warg!
The warg is distracted by your dazzling golden aura.
The orc wizard closely misses you. The orc completely misses you.
Training target 8.0 for Fighting reached!
Training target 8.0 for Dodging reached!
Your Fighting skill increases to level 8!
Your Dodging skill increases to level 8!
You need to enable at least one skill for training.
You barely miss the orc wizard.
The warg howls!
You grab the orc wizard. You squeeze the orc wizard.
You constrict the orc wizard, but do no damage.
The warg misses you. The orc wizard completely misses you.
You tentacle-slap the orc wizard.
The orc wizard begins to glow.
You constrict the orc wizard. The warg bites you!
* * * LOW HITPOINT WARNING * * *
The orc wizard points at you and mumbles some strange words.
The magic dart hits you.
* * * LOW HITPOINT WARNING * * *
You tentacle-slap the orc wizard.
You kill the orc wizard!
The warg is distracted by your dazzling golden aura.
You closely miss the warg.
The warg is no longer distracted by gold.
Your squeeze misses the warg. The warg misses you.
Something closely misses you.
You tentacle-slap the warg but do no damage.
The warg begins to glow.
The warg is no longer distracted by gold.
The warg bites you!
* * * LOW HITPOINT WARNING * * *
The orc hits you with a +0 flail!
* * * LOW HITPOINT WARNING * * *
You tentacle-slap the warg but do no damage.
The warg glows dangerously bright.
You squeeze the warg. The warg bites you!
You die...
Your body crumbles into a pile of gold.

.............##
.............#
#######......#
###......#
..........#
########..# .
#W#WH#..# P..
.([WO##..######.....
#...# #.....pho....>
# #.##
#.....o{h..... # ..
#.....o....... #
#........#.... # .
#........# ... #..#
.. #........# ..
###..# ..
..........# . #....#
.. ........... #...#
.. #....


You could see 2 wargs, an orc priest and 2 orcs.

Vanquished Creatures
  A cyclops (D:11)
  A faun (D:8)
  Maggie (D:6)
  A kobold demonologist (D:10)
  Grinder (D:3)
  Sigmund (D:5)
  A shadow (D:10)
  A wyvern (D:7)
  A warg (D:11)
  Edmund (D:4)
  2 water moccasins
  An orc warrior (D:11)
  2 black bears
  2 sky beasts
  2 centaurs
  The ghost of lis82 the Chiller, an amateur DgIE (D:3)
  A phantom (D:7)
  8 kobold brigands
  Blork the orc (D:5)
  3 bullfrogs
  9 wights (D:7)
  7 killer bees
  6 howler monkeys
  4 hounds
  8 orc priests
  A sleepcap (D:5)
  A gnoll bouda (D:7)
  Crazy Yiuf (D:2)
  Jessica (D:3)
  4 iguanas
  Terence (D:3)
  5 orc wizards
  A mummy (D:10)
  15 gnolls
  9 adders
  A shadow imp (D:7)
  2 worms
  2 dart slugs
  40 orcs
  4 ball pythons
  3 endoplasms
  2 giant cockroaches
  2 goblins
  8 hobgoblins
  35 kobolds
  A quokka (D:1)
  3 bats
  2 frilled lizards (D:1)
  4 rats
215 creatures vanquished.

Notes
Turn   | Place    | Note
-------+----------+-------------------------------------------
     0 | D:1      | James the Octopode Shapeshifter began the quest for the
                  | Orb.
     0 | D:1      | Reached XP level 1. HP: 13/13 MP: 1/1
   279 | D:1      | Reached XP level 2. HP: 18/18 MP: 2/2
   894 | D:2      | Reached skill level 4 in Unarmed Combat
  1100 | D:2      | Reached XP level 3. HP: 18/23 MP: 3/3
  1384 | D:2      | Found a runed translucent door.
  1385 | D:2      | Noticed Crazy Yiuf
  1735 | D:3      | Noticed Terence
  1748 | D:3      | Killed Terence
  1749 | D:3      | Reached XP level 4. HP: 11/28 MP: 4/4
  1913 | D:3      | Reached skill level 5 in Unarmed Combat
  1999 | D:3      | Noticed Jessica
  2005 | D:3      | Killed Jessica
  2063 | D:3      | Reached XP level 5. HP: 33/33 MP: 5/5
  2136 | D:3      | Noticed a kobold brigand
  2155 | D:3      | Killed a kobold brigand
  2156 | D:3      | Reached skill level 6 in Unarmed Combat
  2314 | D:3      | Noticed a kobold brigand
  2322 | D:3      | Killed a kobold brigand
  2323 | D:3      | Reached XP level 6. HP: 29/39 MP: 6/6
  2505 | D:3      | Found a runed translucent gate.
  2506 | D:3      | Found a runed translucent gate.
  2506 | D:3      | Found a runed translucent gate.
  2508 | D:3      | Noticed lis82's ghost (amateur DgIE)
  2570 | D:3      | Noticed Grinder
  2570 | D:3      | Paralysed by Grinder for 4 turns
  2580 | D:3      | Paralysed by Grinder for 3 turns
  2589 | D:3      | Killed Grinder
  2590 | D:3      | Reached skill level 5 in Shapeshifting
  2590 | D:3      | Reached XP level 7. HP: 36/45 MP: 7/7
  2662 | D:3      | Got the Papyrus of Forceful Lava
  2903 | D:4      | Found a glowing golden altar of the Shining One.
  2992 | D:4      | Found an ornate altar of the Wu Jian Council.
  2996 | D:4      | Noticed Edmund
  3015 | D:4      | Killed Edmund
  3132 | D:4      | Found a shimmering blue altar of Sif Muna.
  3168 | D:4      | Found a burning altar of Makhleb.
  3312 | D:3      | Reached skill level 7 in Unarmed Combat
  3570 | D:4      | Found a staircase to the Ecumenical Temple.
  3590 | Temple   | Entered the Ecumenical Temple
  3600 | Temple   | Became a worshipper of Gozag Ym Sagoz the Greedy
  3899 | D:4      | Reached XP level 8. HP: 33/50 MP: 8/8
  4162 | D:5      | Entered Level 5 of the Dungeon
  4416 | D:5      | Found a runed translucent gate.
  4418 | D:5      | Found a runed translucent gate.
  4419 | D:5      | Found a runed translucent gate.
  4421 | D:5      | Noticed rumpelstilzz's ghost (novice OpVM)
  4502 | D:5      | Noticed Sigmund
  4504 | D:5      | Noticed Blork the orc
  4505 | D:5      | Found a hazy altar of Hepliaklqana.
  4509 | D:5      | Killed Sigmund
  4510 | D:5      | Reached skill level 8 in Unarmed Combat
  4515 | D:5      | Killed Blork the orc
  4646 | D:5      | Found a faded altar of an unknown god.
  5075 | D:5      | Noticed Ijyb
  5508 | D:2      | Killed Crazy Yiuf
  5642 | D:3      | Killed lis82's ghost
  5810 | D:6      | Reached XP level 9. HP: 38/57 MP: 9/9
  5902 | D:6      | Found a sand-covered staircase.
  5906 | D:6      | You fall into a shaft and drop 3 floors!
  6152 | D:9      | Found a hide-covered altar of Uskayaw.
  6152 | D:9      | Noticed a +0 spear
  6152 | D:9      | Noticed a +0 dagger
  6153 | D:9      | Noticed a +0 dagger
  6153 | D:9      | Noticed a +0 falchion
  6153 | D:9      | Noticed a +0 short sword
  6155 | D:9      | Noticed a +0 falchion
  6155 | D:9      | Noticed a +0 short sword
  6155 | D:9      | Noticed a +0 spear
  6311 | D:8      | Found a radiant altar of Vehumet.
  6406 | D:8      | Noticed a two-headed ogre
  6408 | D:8      | a two-headed ogre changed into a faun
  6408 | D:8      | Noticed a faun
  6416 | D:8      | Killed a faun
  6417 | D:8      | Reached skill level 5 in Fighting
  6417 | D:8      | Reached skill level 5 in Dodging
  6661 | D:7      | Reached skill level 9 in Unarmed Combat
  6692 | D:7      | Found a stormy altar of Qazlal.
  7022 | D:7      | Identified the +4 chain mail of Omemal {Int+3}
  7122 | D:7      | Reached XP level 10. HP: 25/67 MP: 10/10
  7924 | D:6      | Noticed Maggie
  7932 | D:6      | Killed Maggie
  8030 | D:6      | Reached skill level 10 in Unarmed Combat
  9232 | D:7      | Identified the +0 scale mail "Coderek" {rN+}
  9825 | D:8      | Found Ilisa's General Store.
 10143 | D:9      | Found Cizobig's Antique Weapon Shop.
 10224 | D:9      | Found a staircase to the Orcish Mines.
 10493 | D:9      | Found a staircase to the Orcish Mines.
 10787 | D:9      | Found a hide-covered altar of Uskayaw.
 10905 | D:10     | Entered Level 10 of the Dungeon
 11097 | D:10     | Noticed a two-headed ogre
 11421 | D:10     | Noticed a kobold demonologist
 11431 | D:10     | Killed a kobold demonologist
 11618 | D:10     | Found a snail-covered altar of Cheibriados.
 12111 | D:11     | Noticed a cyclops
 12120 | D:11     | Killed a cyclops
 12254 | D:11     | Noticed jotaen's ghost (novice MiFi)
 12255 | D:11     | Noticed a minotaur
 12258 | D:11     | Noticed a boulder beetle
 12258 | D:11     | Noticed a two-headed ogre
 12267 | D:11     | Found a staircase to the Lair.
 12278 | D:11     | HP: 1/72 [orc/+0 flail (9)]
 12279 | D:11     | Mangled by a warg

Illustrated notes

Levels and vault maps discovered:
D:1:      nicolae_arrival_somewhat_less_tricky_arrival, layout_basic
D:2:      layout_basic, chequers_serial_rivers_room_b, uniq_crazy_yiuf_cottage
D:3:      cheibrodos_thug_alley, layout_basic, ebering_ghost_rock_garden,
          uniq_jessica, uniq_grinder, uniq_terence
D:4:      layout_basic, mainiacjoe_overflow_tiny_flanked, tso_metal_star,
          nicolae_overflow_crystal_walls, lemuel_blue_sif_altar, temple_doors_e,
          uniq_edmund
D:5:      layout_rooms, beargit_hepliaklqana_dungeon_heroes,
          gammafunk_ghost_necromancy, nrook_mini_backslash,
          minmay_fire_ice_demons, uniq_sigmund, uniq_blork_the_orc, uniq_ijyb
D:6:      layout_loops_ring, serial_co_window_serial, co_window_paths_a,
          co_window_paths_a, co_window_corner_a, co_window_paths_b,
          co_window_corner_a, co_window_broadway_b, co_window_2corner,
          co_window_corner_cb, glass_columns_a, nicolae_ossuary_entry_ruins,
          uniq_maggie
D:7:      layout_basic, nicolae_qazlal_scattered_showers, enter_bailey_2
D:8:      layout_basic, lemuel_doored_altar, serial_shops, shop
D:9:      layout_roguey, nicolae_uskayaw_en_pointe, orc_0_dummy, serial_shops,
          shop
D:10:     layout_loops_corners, slow_altar_1
D:11:     layout_irregular_city, erik_lair_orcish_takeover,
          gauntlet_entry_generic, maelrawn_ghost_gauntlet_escape
Temple:   nicolae_temple_god_jail

Skill      XL: |  1  2  3  4  5  6  7  8  9 10 |
---------------+-------------------------------+-----
Unarmed Combat | 4 5 6 7 8 9 10 | 10.0
Fighting       | 2 3 6 8 |  8.0
Shapeshifting  | 5 6 7 |  7.0
Dodging        | 3 6 8 |  8.0

Action                     |  1- 3 |  4- 6 |  7- 9 | 10-12 || total
---------------------------+-------+-------+-------+-------++-------
  Melee: Unarmed           |    45 |    70 |   232 |   146 ||   493
         Constrict         |    11 |    13 |    62 |    38 ||   124
         Tentacles         |     8 |    15 |    56 |    38 ||   117
         Punch             |       |     3 |    13 |     6 ||    22
  Throw: Dart              |       |    10 |     8 |       ||    18
  Evoke: Wand              |       |       |     1 |       ||     1
    Use: Scroll            |       |       |    17 |     5 ||    22
   Stab: Sleeping          |     6 |       |     3 |     2 ||    11
         Distracted        |       |       |     1 |       ||     1
 Armour: Skin              |    12 |    28 |    99 |    41 ||   180
  Dodge: Dodged            |    16 |    27 |   105 |   120 ||   268
   Form: Flux              |       |       |       |     2 ||     2
         Beast             |       |       |       |     1 ||     1

Table legend: (Time is in decaauts)
 A = Elapsed time spent in this place.
 B = Non-inter-level travel time spent in this place.
 C = Inter-level travel time spent in this place.
 D = Time resting spent in this place.
 E = Time spent auto-exploring this place.
 F = Levels seen in this place.
 G = Mean time per level.
                   A        B        C        D        E       F      G
               +--------+--------+--------+--------+--------+-----+--------+
         Total |  12216 |  11376 |    840 |   1608 |   7161 |  12 | 1018.0 |
       Dungeon |  12196 |  11364 |    832 |   1608 |   7161 |  11 | 1108.7 |
        Temple |     19 |     11 |      8 |      0 |      0 |   1 |   19.0 |
               +--------+--------+--------+--------+--------+-----+--------+

Top non-repeatable levels by time:
     D:6: 2066 daAuts
     D:3: 1451 daAuts
     D:9: 1354 daAuts
     D:4: 1210 daAuts
     D:2: 1141 daAuts
     D:5: 1112 daAuts
    D:10: 1112 daAuts
     D:1: 865 daAuts
     D:7: 855 daAuts
     D:8: 813 daAuts
    D:11: 212 daAuts
  Temple: 19 daAuts
